 Dungeon Crawl Stone Soup version 0.27-a0-1217-g8a41f320e8 (webtiles) character file.

Game seed: 8844006544374106400

10309 freelancePsychic the Archer (level 11, -1/89 HPs)
             Began as a Human Hunter on June 6, 2021.
             Was a High Priest of Okawaru.
             Slain by a tengu warrior
             ... wielding a +3 great mace
              (3 damage)
             ... on level 11 of the Dungeon.
             The game lasted 00:23:51 (13595 turns).

freelancePsychic the Archer (Human Hunter)         Turns: 13595, Time: 00:23:52

Health: -1/89      AC: 16    Str: 16    XL:     11   Next: 90%
Magic:  12/14      EV: 13    Int: 14    God:    Okawaru [*****.]
Gold:   543        SH:  0    Dex: 13    Spells: 10/10 levels left

rFire    + . .     SeeInvis .   a - +2 shortbow (flame)
rCold    . . .     Faith    .   (shield currently unavailable)
rNeg     . . .     Spirit   .   C - +3 scale mail "Vicymi Rettu" {Rampage rPois rC+}
rPois    +         Reflect  .   n - +0 helmet
rElec    .         Harm     .   (no cloak)
rCorr    .         Rampage  +   (no gloves)
Will     .....     Clarity  +   k - +2 pair of boots
Stlth    ++........             (no amulet)
HPRegen  0.24/turn              i - ring of fire
MPRegen  0.14/turn              (no ring)

@: heroic
A: clarity, clever 1, low mp 1
a: Renounce Religion, Heroism, Finesse


You were on level 11 of the Dungeon.
You worshipped Okawaru.
Okawaru was extremely pleased with you.
You visited 2 branches of the dungeon, and saw 12 of its levels.
You also visited: Sewer.

You collected 543 gold pieces.

Inventory:

Hand Weapons
 a - a +2 shortbow of flaming (weapon)
 b - a +5 short sword
 h - a +0 short sword
 l - a +0 hunting sling
Missiles
 d - 138 arrows (quivered ammo)
 y - a curare-tipped dart
Armour
 c - a +0 leather armour
 k - a +2 pair of boots (worn)
 n - a +0 helmet (worn)
 o - a +0 scale mail
 p - a +0 tower shield of positive energy
 C - the +3 scale mail "Vicymi Rettu" (worn) {Rampage rPois rC+}
   (Okawaru gifted it to you on level 10 of the Dungeon)

   It protects you from cold.
   It protects you from poison.
   It bestows one free step when moving towards enemies.
Jewellery
 i - a ring of fire (left hand)
 w - a ring of magical power
Wands
 v - a wand of acid (9)
Scrolls
 e - 11 scrolls of teleportation {@r4}
 g - 5 scrolls of enchant weapon
 m - a scroll of magic mapping
 r - 2 scrolls of enchant armour
 z - 3 scrolls of identify {@r1}
 A - a scroll of fear
 D - a scroll of fog {unknown}
 E - a scroll of blinking
Potions
 f - 4 potions of magic
 j - 2 potions of attraction
 q - 3 potions of brilliance {unknown}
 s - a potion of curing {@q1}
 t - 3 potions of heal wounds {unknown}
 u - a potion of might
 x - a potion of cancellation {unknown}
 B - a potion of flight {unknown}


   Skills:
 + Level 9.5(14.5) Fighting
 * Level 13.0(18.0) Bows
 - Level 5.5(10.5) Armour
 - Level 3.5(8.5) Dodging
 - Level 1.0(6.0) Stealth
 - Level 6.1 Invocations


You had 10 spell levels left.
You didn't know any spells.
Your spell library contained the following spells:

 Spells                   Type           Power      Damage    Failure   Level
 Freeze                   Ice            0%         1d3       63%         1
 Magic Dart               Conj           0%         1d3       63%         1
 Summon Small Mammal      Summ           0%         N/A       63%         1
 Call Imp                 Summ           0%         N/A       77%         2
 Searing Ray              Conj           0%         3d3       77%         2
 Call Canine Familiar     Summ           0%         N/A       94%         3
 Dazzling Flash           Conj/Hex       0%         N/A       94%         3
 Frozen Ramparts          Ice            0%         1d2       94%         3
 Ozocubu's Armour         Ice            0%         N/A       94%         3
 Summon Guardian Golem    Hex/Summ       0%         N/A       94%         3
 Fulminant Prism          Conj/Hex       0%         3d6       100%        4
 Hailstorm                Conj/Ice       0%         3d3       100%        4
 Iskenderun's Mystic Bla  Conj/Tloc      0%         2d3       100%        4
 Summon Ice Beast         Ice/Summ       0%         N/A       100%        4
 Summon Lightning Spire   Summ/Air       0%         N/A       100%        4
 Metabolic Englaciation   Hex/Ice        0%         N/A       100%        5


Dungeon Overview and Level Annotations

Branches:
Dungeon (11/15)            Temple (1/1) D:5            Lair (0/6) D:10
  Sewer (visited)
    Orc: D:9-12

Altars:
Ashenzari
Cheibriados
Dithmenos
Elyvilon
Gozag
Hepliaklqana
Kikubaaqudgha
Makhleb
Nemelex Xobeh
Okawaru
Qazlal
Ru
Sif Muna
Trog
Uskayaw
Vehumet
Wu Jian
Xom
Yredelemnul
Zin
The Shining One

Annotations:
D:2 Natasha, Sigmund, Terence
D:4 2 transporters, Demosthentine's ghost, amateur MfGl
D:6 3 runed translucent doors, deadleaves's ghost, novice HOFi


Innate Abilities, Weirdness & Mutations

You possess an exceptional clarity of mind.
Your mind is acute. (Int +2)
Your magical capacity is low. (-10% MP)


Message History

Fire: 143 arrows
Press: ? - help, Q - select action, (/) - cycle Shift-Dir - straight line, f/p - tengu warrior
Aim: a tengu warrior, wielding a +3 great mace and wearing a +2 leather armour of willpower (moderately wounded, 58% to hit)
You shoot an arrow. The arrow hits the tengu warrior!
The arrow burns the tengu warrior.
The tengu warrior is heavily wounded.
Fire: 142 arrows
Press: ? - help, Q - select action, (/) - cycle Shift-Dir - straight line, f/p - tengu warrior
Aim: a tengu warrior, wielding a +3 great mace and wearing a +2 leather armour of willpower (heavily wounded, 58% to hit)
You shoot an arrow.
The arrow closely misses the tengu warrior.
The tengu warrior hits you with a +3 great mace!!
* * * LOW HITPOINT WARNING * * *
The tengu warrior pecks you.
* * * LOW HITPOINT WARNING * * *
The tengu warrior claws you but does no damage.
Fire: 141 arrows
Press: ? - help, Q - select action, (/) - cycle Shift-Dir - straight line, f/p - tengu warrior
Aim: a tengu warrior, wielding a +3 great mace and wearing a +2 leather armour of willpower (heavily wounded, 58% to hit)
You shoot an arrow.
The arrow hits the tengu warrior but does no damage.
The tengu warrior is heavily wounded.
Fire: 140 arrows
Press: ? - help, Q - select action, (/) - cycle Shift-Dir - straight line, f/p - tengu warrior
Aim: a tengu warrior, wielding a +3 great mace and wearing a +2 leather armour of willpower (heavily wounded, 58% to hit)
You shoot an arrow. The arrow misses the tengu warrior.
The tengu warrior hits you but does no damage.
The tengu warrior pecks you but does no damage.
The tengu warrior barely misses you.
A tengu conjurer comes into view.
Fire: 139 arrows
Press: ? - help, Q - select action, (/) - cycle Shift-Dir - straight line, f/p - tengu warrior
Aim: a tengu warrior, wielding a +3 great mace and wearing a +2 leather armour of willpower (heavily wounded, 58% to hit)
You shoot an arrow. The arrow hits the tengu warrior.
The arrow burns the tengu warrior.
The tengu warrior is heavily wounded.
The tengu warrior hits you with a +3 great mace!
* * * LOW HITPOINT WARNING * * *
The tengu warrior pecks you.
You die...

. .. ..## # #.(##.#
####Q.(..##.
(..####.#...##... .. ..
(.(()))@Q...(#.###.##...
.##.####........#.......
##.................
#.........<#.......
#...>..#..............
#.......#..............
##.....................
####.........)........
#............).....#


You could see a tengu warrior and a tengu conjurer.

Vanquished Creatures
  2 two-headed ogres
  Erica (D:8)
  Pikel (D:8)
  A kobold demonologist (D:5)
  A troll (D:6)
  A wraith (D:7)
  13 yaks
  A wyvern (D:7)
  A steam dragon (D:7)
  Duvessa (D:4)
  2 water moccasins
  2 orc warriors
  4 black bears
  An ice beast (D:5)
  2 ogres (D:6)
  5 centaurs
  A lemure (D:8)
  3 phantoms
  4 kobold brigands
  A gnoll sergeant (D:11)
  6 bullfrogs
  2 scorpions
  Dowan (D:4)
  A wyvern skeleton (D:7)
  A water moccasin skeleton (D:5)
  20 killer bees
  4 wights (D:10)
  6 howler monkeys
  A bullfrog zombie (D:7)
  A centaur zombie (D:6)
  A hound (D:6)
  3 jellies
  2 gnoll shamans
  3 orc priests
  A centaur skeleton (D:7)
  3 iguanas
  Natasha (D:2)
  4 orc wizards
  2 killer bee zombies
  A hound skeleton (D:4)
  Robin (D:3)
  A howler monkey skeleton (D:7)
  8 river rats (Sewer)
  13 adders
  13 gnolls
  2 white imps (D:7)
  An ufetubus (D:5)
  An adder skeleton (D:5)
  5 worms
  2 dart slugs
  12 orcs
  8 endoplasms
  4 giant cockroaches
  13 goblins
  7 hobgoblins
  16 jackals
  4 quokkas
  22 ball pythons
  5 bats
  A frilled lizard (D:2)
  20 kobolds
  A quokka skeleton (D:2)
  25 rats
297 creatures vanquished.

Vanquished Creatures (collateral kills)
  Grinder (D:3)
1 creature vanquished.

Vanquished Creatures (others)
  2 plants (D:2)
2 creatures vanquished.

Grand Total: 300 creatures vanquished

Notes
Turn   | Place    | Note
-------+----------+-------------------------------------------
     0 | D:1      | freelancePsychic the Human Hunter began the quest for the
                  | Orb.
     0 | D:1      | Reached XP level 1. HP: 16/16 MP: 1/1
   240 | D:1      | Reached XP level 2. HP: 22/22 MP: 2/2
   895 | D:1      | Found a faded altar of an unknown god.
  1003 | D:2      | Found an ancient bone altar of Kikubaaqudgha.
  1051 | D:2      | Reached XP level 3. HP: 28/28 MP: 3/3
  1125 | D:2      | Noticed Terence
  1662 | D:2      | Noticed Natasha
  1676 | D:2      | Killed Natasha
  1677 | D:2      | Reached XP level 4. HP: 19/35 MP: 4/4
  1884 | D:2      | Noticed Sigmund
  2057 | D:2      | Noticed Natasha
  2101 | D:3      | Found a sparkling altar of Nemelex Xobeh.
  2128 | D:3      | Noticed Grinder
  2130 | D:3      | Paralysed by Grinder for 2 turns
  2134 | D:3      | Gained mutation: Your magical capacity is low. (-10% MP)
                  | [potion of mutation]
  2134 | D:3      | Gained mutation: Your mind is acute. (Int +2) [potion of
                  | mutation]
  2134 | D:3      | Gained mutation: You possess an exceptional clarity of
                  | mind. [potion of mutation]
  2154 | D:3      | Killed Grinder
  2155 | D:3      | Reached skill level 5 in Bows
  2155 | D:3      | Reached XP level 5. HP: 10/42 MP: 4/4
  2512 | D:3      | Noticed Robin
  2516 | D:3      | Reached XP level 6. HP: 48/48 MP: 5/5
  2527 | D:3      | Killed Robin
  3723 | D:4      | Reached skill level 6 in Bows
  3966 | D:4      | Found a transporter.
  3966 | D:4      | Noticed a two-headed ogre
  3970 | D:4      | Noticed Demosthentine's ghost (amateur MfGl)
  3986 | D:4      | Found a transporter.
  4212 | D:4      | Noticed Dowan
  4212 | D:4      | Noticed Duvessa
  4226 | D:3      | Reached skill level 5 in Fighting
  4247 | D:2      | Reached XP level 7. HP: 56/56 MP: 6/6
  4332 | D:5      | Entered Level 5 of the Dungeon
  4379 | D:5      | Reached skill level 7 in Bows
  4426 | D:5      | Reached XP level 8. HP: 42/64 MP: 7/7
  4495 | D:5      | Found a staircase to the Ecumenical Temple.
  4503 | Temple   | Entered the Ecumenical Temple
  4583 | Temple   | Became a worshipper of Warmaster Okawaru
  4664 | D:5      | Found a glowing drain.
  4680 | Sewer    | Entered a sewer
  4997 | Sewer    | Reached skill level 1 in Invocations
  5009 | Sewer    | Reached * piety under Okawaru
  5010 | Sewer    | Reached skill level 8 in Bows
  5523 | D:5      | Noticed a kobold demonologist
  5529 | D:5      | Killed a kobold demonologist
  5530 | D:5      | Reached XP level 9. HP: 71/71 MP: 7/11
  5566 | D:5      | Noticed a two-headed ogre
  5929 | D:4      | Killed Duvessa
  5930 | D:4      | Reached skill level 9 in Bows
  6087 | D:4      | Killed Dowan
  6088 | D:4      | Reached skill level 5 in Invocations
  6455 | D:6      | Reached ** piety under Okawaru
  6796 | D:6      | Found a snail-covered altar of Cheibriados.
  6796 | D:6      | Found a glowing silver altar of Zin.
  6796 | D:6      | Noticed a troll
  6797 | D:6      | Found a hide-covered altar of Uskayaw.
  6812 | D:6      | Killed a troll
  7189 | D:6      | Reached skill level 10 in Bows
  7208 | D:6      | Reached XP level 10. HP: 66/79 MP: 13/13
  7208 | D:6      | Reached *** piety under Okawaru
  7282 | D:6      | Found a runed translucent gate.
  7284 | D:6      | Noticed deadleaves's ghost (novice HOFi)
  7328 | D:6      | Noticed a gargoyle
  7331 | D:6      | Found a runed translucent gate.
  7331 | D:6      | Found a runed translucent gate.
  7794 | D:7      | Received a gift from Okawaru
  7802 | D:7      | Found a sacrificial altar of Ru.
  8007 | D:7      | Reached skill level 1 in Armour
  8071 | D:7      | Found a sparkling altar of Nemelex Xobeh.
  8974 | D:7      | Reached skill level 11 in Bows
  9057 | D:7      | Reached **** piety under Okawaru
  9493 | D:8      | Noticed Pikel
  9504 | D:8      | Killed Pikel
  9535 | D:8      | Found a radiant altar of Vehumet.
  9643 | D:8      | Noticed Erica
  9670 | D:8      | Killed Erica
  9671 | D:8      | Reached XP level 11. HP: 44/87 MP: 14/14
  9961 | D:8      | Reached ***** piety under Okawaru
 10465 | D:8      | Reached skill level 12 in Bows
 10765 | D:8      | Noticed a two-headed ogre
 10778 | D:8      | Killed a two-headed ogre
 10778 | D:8      | Received a gift from Okawaru
 11362 | D:9      | Received a gift from Okawaru
 11538 | D:9      | Reached skill level 5 in Armour
 12207 | D:9      | Found a white marble altar of Elyvilon.
 12305 | D:9      | Noticed a two-headed ogre
 12309 | D:9      | Killed a two-headed ogre
 12309 | D:9      | Received a gift from Okawaru
 12444 | D:9      | Found an ornate altar of the Wu Jian Council.
 12482 | D:10     | Entered Level 10 of the Dungeon
 12496 | D:10     | Found a staircase to the Lair.
 12650 | D:10     | Identified the +3 scale mail "Vicymi Rettu" {Rampage rPois
                  | rC+} (Okawaru gifted it to you on level 10 of the Dungeon)
 12650 | D:10     | Received a gift from Okawaru
 13171 | D:10     | Reached skill level 13 in Bows
 13579 | D:11     | Noticed a tengu warrior
 13595 | D:11     | HP: 2/89 [tengu warrior/+3 great mace (16)]
 13595 | D:11     | Slain by a tengu warrior

Illustrated notes

Levels and vault maps discovered:
D:1:      dpeg_arrival_shelter, layout_loops_corners,
          shapermc_ecumenical_altar_mp_urbaneastern
D:2:      layout_basic, serial_forest, infiniplex_forest_3_way,
          infiniplex_forest_straight_3, infiniplex_forest_end_1,
          infiniplex_forest_clump_small, infiniplex_forest_lined_corner,
          infiniplex_forest_straight_2, basic_altar, uniq_sigmund, uniq_terence,
          uniq_natasha
D:3:      layout_rooms, nemelex_diamond_rough_becter, serial_rivers,
          chequers_serial_rivers_micro_e, chequers_serial_rivers_micro_c,
          chequers_serial_rivers_micro_e, chequers_serial_rivers_micro_b,
          st_stairs_6, kennysheep_generic_room_6, uniq_grinder, uniq_robin
D:4:      layout_rooms, gammafunk_ghost_arena, uniq_duvessa
D:5:      layout_rooms, minmay_temple_entry_large_hall,
          cheibrodos_sewer_entry_sluice, minmay_small_thing
D:6:      layout_loops_cross, gammafunk_temple_overflow_claw,
          gammafunk_ghost_split
D:7:      minmay_skewed_foursquare, layout_basic, kennysheep_another_room,
          hangedman_feature_mirror, minmay_misc_feat_four_crosses,
          kennysheep_generic_room_13
D:8:      layout_basic, overflow_temple_1_default, serial_curves,
          eino_curves_03, eino_curves_01, minmay_misc_feat_pillars, uniq_erica,
          uniq_pikel
D:9:      layout_irregular_city, pdpol_wu_jian_five_deadly_venoms,
          kennysheep_mini_moat, chequers_decorated_corner
D:10:     layout_cave_pools, lair_entry_dummy, dk_noncrumbling_3
D:11:     layout_cave_pools, uniq_nergalle
Temple:   regret_index_temple_waves

Skill      XL: |  1  2  3  4  5  6  7  8  9 10 11 |
---------------+----------------------------------+-----
Fighting       | 3 4 5 6 7 8 9 |  9.5
Bows           | 5 6 7 8 10 11 13 | 13.0
Invocations    | 4 6 |  6.1
Dodging        | 3 |  3.5
Armour         | 3 5 |  5.5
Stealth        | |  1.0

Action                   |  1- 3 |  4- 6 |  7- 9 | 10-12 || total
-------------------------+-------+-------+-------+-------++-------
Melee: Short sword       |    30 |    79 |     9 |       ||   118
 Fire: Shortbow          |    64 |    68 |   315 |   570 ||  1017
Invok: Heroism           |       |       |     7 |     8 ||    15
       Finesse           |       |       |       |     1 ||     1
  Use: Scroll            |     4 |     4 |     6 |     4 ||    18
       Potion            |       |     4 |     2 |       ||     6
 Stab: Sleeping          |       |     2 |       |       ||     2
Armor: Leather armour    |    14 |    17 |       |       ||    31
       Scale mail        |       |    15 |    35 |   128 ||   178
Dodge: Dodged            |    31 |    54 |    48 |   181 ||   314

Table legend: (Time is in decaauts)
 A = Elapsed time spent in this place.
 B = Non-inter-level travel time spent in this place.
 C = Inter-level travel time spent in this place.
 D = Time resting spent in this place.
 E = Time spent auto-exploring this place.
 F = Levels seen in this place.
 G = Mean time per level.
                   A        B        C        D        E       F      G
               +--------+--------+--------+--------+--------+-----+--------+
         Total |  13505 |  13093 |    412 |   1342 |   9602 |  13 | 1038.8 |
       Dungeon |  12735 |  12371 |    364 |   1182 |   9325 |  11 | 1157.7 |
        Temple |    113 |     66 |     47 |      0 |      0 |   1 |  113.0 |
         Sewer |    656 |    656 |      0 |    160 |    277 |   1 |  656.0 |
               +--------+--------+--------+--------+--------+-----+--------+

Top non-repeatable levels by time:
     D:9: 1722 daAuts
     D:7: 1662 daAuts
     D:4: 1472 daAuts
     D:3: 1416 daAuts
     D:1: 1307 daAuts
     D:6: 1299 daAuts
     D:8: 1270 daAuts
    D:10: 908 daAuts
     D:2: 847 daAuts
     D:5: 672 daAuts
   Sewer: 656 daAuts
    D:11: 155 daAuts
  Temple: 113 daAuts
